 Dungeon Crawl Stone Soup version 0.29-a0-271-gd4eb659eea (webtiles) character file.

Game seed: 15421112915137640575

14 frimble the Ruffian (level 2, -2/25 HPs)
             Began as a Djinni Cinder Acolyte on Mar 8, 2022.
             Was a High Priest of Ignis.
             Slain by a hobgoblin (3 damage)
             ... on level 1 of the Dungeon.
             The game lasted 00:00:18 (368 turns).

frimble the Ruffian (Djinni Cinder Acolyte)          Turns: 368, Time: 00:00:19

Health: -2/25      AC:  2    Str: 13    XL:     2   Next: 55%
Gold:   0          EV: 11    Int: 15    God:    Ignis [*****.] SH:  0 Dex:  8

rFire   + + +      SeeInvis .   b - +0 short sword
rCold   x . .      Faith    .   (no shield)
rNeg    . . .      Spirit   .   a - +0 robe
rPois   ∞          Reflect  .   (no helmet)
rElec   .          Harm     .   (no cloak)
rCorr   .          Rampage  .   (no gloves)
Will    .....                   (boots unavailable)
Stlth   +.........              (no amulet)
HPRegen 0.08/turn               (no ring)
MPRegen 0.00/turn               (no ring)

@: flying
A: sickness immunity, fire resistance 2, cold vulnerability 1, float, innate
caster, HP casting, extra vitality 1
a: Renounce Religion, Fiery Armour, Foxfire Swarm, Rising Flame


You were on level 1 of the Dungeon.
You worshipped Ignis.
Ignis was extremely pleased with you.
You visited 1 branch of the dungeon, and saw 1 of its levels.

Inventory:

Hand Weapons
 b - a +0 short sword (weapon)
Armour
 a - a +0 robe (worn)


   Skills:
 - Level 3.0 Fighting
 + Level 0.8 Short Blades
 - Level 3.1 Unarmed Combat
 + Level 2.6 Spellcasting


You had 4 spell levels left.
You knew the following spells:

 Your Spells              Type           Power      Damage    Failure   Level
a - Scorch                Fire           20%        2d6       11%         2
Your spell library was empty.

Dungeon Overview and Level Annotations

Branches:
Dungeon (1/15)

Altars:


Innate Abilities, Weirdness & Mutations

You are immune to sickness and miasma.
You are immune to poison.
Your flesh is very heat resistant. (rF++)
You are vulnerable to cold. (rC-)
You float through the air rather than walking.
You learn spells naturally, not from books.
Your magical power is your life essence.
You have superior vitality. (+4 MHP)


Message History

The quokka barely misses you. The ball python bites you.
The ball python closely misses you. The dart slug launches a dart at you.
The slug dart misses you. The hobgoblin barely misses you.
The quokka bites you.
You are too injured to fight recklessly!
You are too injured to fight recklessly!
You are too injured to fight recklessly!
The ball python attacks as you move away!
The ball python closely misses you.
The hobgoblin hits you but does no damage.
The ball python bites you. The ball python closely misses you.
The hobgoblin attacks as you move away! The hobgoblin hits you.
Casting: Scorch (safe; 11% risk of failure)
Confirm with . or Enter, or press ? or * to list all spells.
Flames lash the quokka.
You kill the quokka!
The hobgoblin closely misses you.
Casting: Scorch (safe; 11% risk of failure)
Confirm with . or Enter, or press ? or * to list all spells.
Flames lash the ball python.
You kill the ball python!
The hobgoblin hits you.
Casting: Scorch (safe; 11% risk of failure)
Confirm with . or Enter, or press ? or * to list all spells.
Flames lash the dart slug.
You kill the dart slug!
* * * LOW HITPOINT WARNING * * *
The hobgoblin hits you.
* * * LOW HITPOINT WARNING * * *
Casting: Scorch (safe; 11% risk of failure)
Confirm with . or Enter, or press ? or * to list all spells.
You don't have enough health to cast this spell.
You hit the hobgoblin.
The hobgoblin is severely wounded.
The hobgoblin closely misses you.
You closely miss the hobgoblin.
The hobgoblin is severely wounded.
The hobgoblin hits you.
You die...

..# . #.## .# #
#..##.#.# #.
#........
####.##........
.......†.K..#
#.##†..# . #.
#.##g#.# .. #.
#.##@# ..
...#.###.##.##..#.
...................
...................
...#.#..###.###.#...
...#.#..###.# .# ..
..........#.###.#...
#...................
.............)......


You could see a hobgoblin and a kobold.

Vanquished Creatures
  A dart slug (D:1)
  A ball python (D:1)
  2 goblins (D:1)
  2 hobgoblins (D:1)
  A quokka (D:1)
  A bat (D:1)
  2 kobolds (D:1)
10 creatures vanquished.

Notes
Turn   | Place    | Note
-------+----------+-------------------------------------------
     0 | D:1      | frimble the Djinni Cinder Acolyte began the quest for the
                  | Orb.
     0 | D:1      | Reached XP level 1. HP: 20/20 MP: 0/0
   214 | D:1      | Reached XP level 2. HP: 23/25 MP: 0/0
   366 | D:1      | HP: 1/25 [hobgoblin (5)]
   368 | D:1      | Slain by a hobgoblin

Illustrated notes

Levels and vault maps discovered:
D:1:      lightli_arrival_flooded_house, layout_basic,
          ebering_ecumenical_altar_mist, serial_shops, nicolae_lakefront_shop

Action                   || total
-------------------------++-------
Melee: Short sword       ||    17
       Unarmed           ||     9
       Punch             ||     1
 Cast: Scorch            ||     4
Armor: Robe              ||     7
Dodge: Dodged            ||    21

Table legend: (Time is in decaauts)
 A = Elapsed time spent in this place.
 B = Non-inter-level travel time spent in this place.
 C = Inter-level travel time spent in this place.
 D = Time resting spent in this place.
 E = Time spent auto-exploring this place.
 F = Levels seen in this place.
 G = Mean time per level.
                   A        B        C        D        E       F      G
               +--------+--------+--------+--------+--------+-----+--------+
         Total |    368 |    368 |      0 |      0 |    309 |   1 |  368.0 |
       Dungeon |    368 |    368 |      0 |      0 |    309 |   1 |  368.0 |
               +--------+--------+--------+--------+--------+-----+--------+

Top non-repeatable levels by time:
     D:1: 368 daAuts
